 Seeded DCSS version 0.31-a0-986-g5e6e4ef867 (webtiles) character file.

Game seed: 7227494833309967033 (custom seed)

83 timneilson the Ruffian (level 4, -1/29 HPs)
             Began as an Octopode Shapeshifter on Nov 12, 2023.
             Constricted to death by Ijyb (6 damage)
             ... on level 2 of the Dungeon.
             The game lasted 00:02:02 (1240 turns).

timneilson the Ruffian (Octopode Shapeshifter)      Turns: 1240, Time: 00:02:03

Health: -1/29      AC:  1    Str: 15    XL:     4   Next: 44%
Magic:  5/5        EV: 10    Int: 12    God:
Gold:   76         SH:  0    Dex: 11    Spells: 1/4 levels left

rFire   . .          .
                       - Unarmed
rCold   . . .        (no shield)
rNeg    . . .        (helmet currently unavailable)
rPois   .            (no amulet)
rElec   .            (no ring)
rCorr   .            (no ring)
SInv    .            (no ring)
Will    .....        (no ring)
Stlth   +++          (no ring)
HPRegen 0.24/turn    (no ring)
MPRegen 0.09/turn    (no ring)
                     (no ring)

%: no passive effects
@: beast-form, grasped by roots, constricted
A: beast (slay +1), almost no armour, amphibious, 8 rings, camouflage 1,
gelatinous body 1, (nimble swimmer 1), tentacles
a: Begin Untransformation


You were on level 2 of the Dungeon.
You were a hulking beast.
You visited 1 branch of the dungeon, and saw 2 of its levels.

You collected 76 gold pieces.

Inventory:

Talismans
 b - a beast talisman
 c - a flux talisman
Potions
 a - 2 potions of lignification
 d - a potion of curing {unknown}


   Skills:
 * Level 2.0 Fighting
 * Level 2.6 Dodging
 + Level 1.3 Stealth
 * Level 3.5 Unarmed Combat
 + Level 0.6 Spellcasting
 + Level 0.0 Air Magic
 * Level 3.4 Shapeshifting


You had one spell level left.
You knew the following spells:

 Your Spells              Type           Power      Damage    Failure   Level
a - Swiftness             Air            0%         N/A       67%         3

Your spell library contained the following spells:

 Spells                   Type           Power      Damage    Failure   Level
 Shock                    Conj/Air       0%         1d3       30%         1
 Airstrike                Air            0%         2d(0-16)  97%         4


Dungeon Overview and Level Annotations

Branches:
Dungeon (2/15)

Altars:

Annotations:
D:2 Ijyb


Innate Abilities, Weirdness & Mutations

You are a hulking beast.
Your limbs bulge with bestial killing power. (Slay +1)
You cannot wear most types of armour.
You are amphibious.
You can wear up to eight rings at the same time.
Your skin changes colour to match your surroundings (Stealth+).
Your rubbery body absorbs attacks. (AC +1, EV +1)
((You are camouflaged when in or above water. (Stealth+)))
You have tentacles for arms and can constrict up to eight enemies at once.


Message History

The goblin struggles to escape constriction.
You bludgeon the goblin!
You kill the goblin!
Your Fighting skill increases to level 2!
You closely miss the goblin. You grab the goblin. You constrict the goblin.
The goblin hits you with a +0 club. x2
You tentacle-slap the goblin.
You kill the goblin!
You constrict the goblin. The goblin barely misses you.
You tentacle-slap the goblin. Your grab misses the goblin.
The goblin is moderately wounded.
You constrict the goblin.
You kill the goblin!
The goblin closely misses you.
You barely miss the goblin. You grab the goblin. You squeeze the goblin.
You kill the goblin!
You start resting.
HP restored.
The goblin shouts! x2
Items here: ))) ††.
Ijyb zaps a wand.
The roots erupt in riotous growth!
The grasping roots grab you! The grasping roots constrict you.
You hear an angry hiss.
You escape the roots grasp.
Ijyb zaps a wand.
The roots erupt in riotous growth!
The grasping roots grab you!
Ijyb is unaffected.
The grasping roots constrict you.
You miss Ijyb. Your grab misses Ijyb. Ijyb hits you with a +0 dagger.
The grasping roots constrict you.
You tentacle-slap Ijyb. Your grab misses Ijyb.
Ijyb is lightly wounded.
The grasping roots constrict you.
You tentacle-slap Ijyb but do no damage.
You grab Ijyb. You squeeze Ijyb.
Ijyb is lightly wounded.
You constrict Ijyb, but do no damage. Ijyb hits you with a +0 dagger.
* * * LOW HITPOINT WARNING * * *
The grasping roots constrict you.
You die...

#....# ....#
##....#### .....##
.........# #...... #
.........########.....
##
.....................
#< ........(.........#
## ..................#
# ..)...............#
# ................hg#
# #################g#
# #.# 8.....8 # #g#
....... #.## 8.g...8
#..# .......
##.##8g.g..8
#..#.......
##.#8.....8


You could see Ijyb and 2 goblins.

Vanquished Creatures
  3 adders (D:2)
  A worm (D:2)
  A dart slug (D:1)
  2 ball pythons
  6 endoplasms
  A giant cockroach (D:1)
  6 hobgoblins
  4 jackals (D:1)
  2 kobolds
  2 quokkas
  5 bats
  2 frilled lizards (D:1)
  7 goblins
  3 rats
45 creatures vanquished.

Notes
Turn   | Place    | Note
-------+----------+-------------------------------------------
     0 | D:1      | timneilson the Octopode Shapeshifter began the quest for
                  | the Orb.
     0 | D:1      | Reached XP level 1. HP: 13/13 MP: 1/1
    95 | D:1      | Reached XP level 2. HP: 14/18 MP: 2/2
   297 | D:1      | Reached XP level 3. HP: 21/23 MP: 3/3
   397 | D:1      | Reached skill level 1 in Stealth
   960 | D:2      | Reached XP level 4. HP: 29/29 MP: 4/4
  1126 | D:2      | Learned a level 3 spell: Swiftness
  1197 | D:2      | Noticed Ijyb
  1240 | D:2      | Constricted to death by Ijyb

Illustrated notes

Levels and vault maps discovered:
D:1:      ncdulo_watergridlock, layout_basic
D:2:      kennysheep_the_goblin_king, layout_basic

Skill      XL: |  1  2  3  4 |
---------------+-------------+-----
Stealth        | 1 |  1.3
Fighting       | 2 |  2.0
Dodging        | |  2.6
Unarmed Combat | |  3.5
Spellcasting   | |  0.6
Shapeshifting  | |  3.4

Action                     |  1- 3 |  4- 6 || total
---------------------------+-------+-------++-------
  Melee: Unarmed           |    77 |    27 ||   104
         Constrict         |    18 |     7 ||    25
         Tentacles         |     9 |     6 ||    15
         Punch             |     2 |       ||     2
    Use: Scroll            |     3 |       ||     3
   Stab: Sleeping          |     7 |       ||     7
 Armour: Skin              |    36 |    10 ||    46
  Dodge: Dodged            |    55 |     8 ||    63

Table legend: (Time is in decaauts)
 A = Elapsed time spent in this place.
 B = Non-inter-level travel time spent in this place.
 C = Inter-level travel time spent in this place.
 D = Time resting spent in this place.
 E = Time spent auto-exploring this place.
 F = Levels seen in this place.
 G = Mean time per level.
                   A        B        C        D        E       F      G
               +--------+--------+--------+--------+--------+-----+--------+
         Total |   1233 |   1223 |     10 |     10 |    895 |   2 |  616.5 |
       Dungeon |   1233 |   1223 |     10 |     10 |    895 |   2 |  616.5 |
               +--------+--------+--------+--------+--------+-----+--------+

Top non-repeatable levels by time:
     D:1: 809 daAuts
     D:2: 423 daAuts
